 Dungeon Sprint DCSS version 0.30-a0-920-g7493c07aab (webtiles) character file.

Game seed: 2609561271874100305

1127 DiggyJ the Fighter (level 8, -4/124 HPs)
             Began as a Purple Draconian Berserker on Mar 21, 2023.
             Was a Priest of Trog.
             Slain by a deep troll (10 damage)
             ... in the Dungeon (Sprint I: "Red Sonja").
             The game lasted 00:01:57 (453 turns).

DiggyJ the Fighter (Purple Draconian Berserker)      Turns: 453, Time: 00:01:57

Health: -4/124     AC:  6    Str: 21    XL:     8   Next: 13%
Magic:  8/8        EV: 15    Int:  8    God:    Trog [***...]
Gold:   427        SH:  0    Dex: 11    Spells: 7/7 levels left

rFire   . . .      SeeInvis .    a - +0 falchion
rCold   . . .      Faith    .    (no shield)
rNeg    . . .      Spirit   .    (body armour unavailable)
rPois   .          Reflect  .    (helmet restricted)
rElec   .          Rampage  .    (no cloak)
rCorr   .          NoTele   +    (no gloves)
Will    +....                    (no boots) Stlth
                                 (no amulet)
HPRegen 0.40/turn                (no ring)
MPRegen 0.11/turn                (no ring)

@: berserking, short of breath, very quick
A: breathe power, AC +6, unfitting armour, cold-blooded
a: Breathe Dispelling Energy, Renounce Religion, Berserk, Trog's Hand


You were in the Dungeon.
You worshipped Trog.
Trog was most pleased with you.
You visited 1 branch You collected 427 gold pieces.

Inventory:

Hand Weapons
 a - a +0 falchion (weapon)
Wands
 h - a wand of paralysis (5) (quivered)
Scrolls
 g - a scroll of blinking
Potions
 b - a potion of curing
 c - a potion of heal wounds
 d - a potion of haste
 e - 2 potions of magic
 f - a potion of berserk rage


   Skills:
 + Level 12.0 Fighting
 + Level 11.5 Long Blades
 + Level 8.7 Dodging
 + Level 2.5 Stealth


You had 7 spell levels left.
You didn't know any spells.
Your spell library was empty.

Dungeon Overview and Level Annotations

Branches:
Dungeon (1/1)

Altars:
Cheibriados
Dithmenos
Elyvilon
Fedhas
Gozag
Hepliaklqana
Kikubaaqudgha
Makhleb
Nemelex Xobeh
Okawaru
Qazlal
Ru
Sif Muna
Trog
Uskayaw
Vehumet
Wu Jian
Xom
Yredelemnul
Zin
The Shining One
Jiyva
Lugonu

Shops:
D [(


Innate Abilities, Weirdness & Mutations

You can breathe bolts of dispelling energy.
Your rich purple scales are hard. (AC +6)
You cannot fit into any form of body armour.
You are cold-blooded and may be slowed by cold attacks.


Message History

You open the door.
A deep troll comes into view.
The deep troll shouts!
Found 108 gold pieces.
Aiming: Breathe Dispelling Energy (4% risk of failure)
Press: ? - help, Shift-Dir - straight line, f - deep troll
Aim: a deep troll (53% to hit)
You breathe a bolt of dispelling energy.
The bolt of dispelling energy misses the deep troll.
A red film seems to cover your vision as you go berserk!
You feel yourself moving faster!
You feel mighty!
You closely miss the deep troll. You tail-slap the deep troll!
The deep troll is lightly wounded.
The deep troll bites you!! The deep troll misses you.
The deep troll barely misses you.
You closely miss the deep troll.
The deep troll is lightly wounded.
You hit the deep troll but do no damage.
The deep troll is lightly wounded.
The deep troll completely misses you. The deep troll claws you! x2
You closely miss the deep troll. You tail-slap the deep troll.
The deep troll is moderately wounded.
You slash the deep troll!
The deep troll is moderately wounded.
The deep troll bites you! The deep troll barely misses you.
The deep troll claws you!
You slash the deep troll!
The deep troll is heavily wounded.
The deep troll bites you! The deep troll claws you!
* * * LOW HITPOINT WARNING * * *
The deep troll claws you!
* * * LOW HITPOINT WARNING * * *
You closely miss the deep troll.
The deep troll is heavily wounded.
You slash the deep troll!
The deep troll is severely wounded.
The deep troll barely misses you. The deep troll claws you!
* * * LOW HITPOINT WARNING * * *
The deep troll claws you!
You die...

#..#####'#####'#__#
#..####..#...#.####
#..#__####..##(#
#..#_____##'#_.+
#⌠⌠#_.∩...'..._#
####_..__##_.#'#
#_____###)#.#
############.####+###
#∩........'..@T$$.$$+
###++++####...#######
##.## #+#


You could see a deep troll.

Vanquished Creatures
  Sonja (D)
  A slime creature (D)
  Sigmund (D)
  A yak (D)
  An ogre (D)
  A jelly (D)
  Ijyb (D)
7 creatures vanquished.

Notes
Turn   | Place    | Note
-------+----------+-------------------------------------------
     0 | D        | DiggyJ the Draconian Berserker began the quest for the Orb.
     0 | D        | Reached XP level 1. HP: 19/19 MP: 1/1
     2 | D        | Noticed Ijyb
     7 | D        | Killed Ijyb
     8 | D        | Reached skill level 4 in Fighting
     8 | D        | Reached XP level 2. HP: 28/28 MP: 2/2
    39 | D        | Noticed an ogre
    46 | D        | Killed an ogre
    47 | D        | Reached skill level 6 in Fighting
    47 | D        | Reached skill level 5 in Dodging
    47 | D        | Reached XP level 3. HP: 36/38 MP: 3/3
    47 | D        | Reached XP level 4. HP: 42/45 MP: 4/4
   106 | D        | Noticed Sigmund
   111 | D        | Killed Sigmund
   111 | D        | Reached ** piety under Trog
   112 | D        | Reached skill level 8 in Fighting
   112 | D        | Reached XP level 5. HP: 56/56 MP: 5/5
   153 | D        | Found an ornate altar of the Wu Jian Council.
   153 | D        | Found a shimmering blue altar of Sif Muna.
   155 | D        | Found a radiant altar of Vehumet.
   162 | D        | Reached XP level 6. HP: 45/62 MP: 6/6
   193 | D        | Found Zeusch's Weapon Emporium.
   193 | D        | Found an ancient bone altar of Kikubaaqudgha.
   193 | D        | Found a hazy altar of Hepliaklqana.
   193 | D        | Found a stormy altar of Qazlal.
   193 | D        | Found a hide-covered altar of Uskayaw.
   193 | D        | Found a blossoming altar of Fedhas.
   193 | D        | Found a bloodstained altar of Trog.
   193 | D        | Found an iron altar of Okawaru.
   193 | D        | Found a basalt altar of Yredelemnul.
   193 | D        | Found a glowing golden altar of the Shining One.
   193 | D        | Found a snail-covered altar of Cheibriados.
   193 | D        | Found a sacrificial altar of Ru.
   193 | D        | Found a glowing silver altar of Zin.
   193 | D        | Found a shadowy altar of Dithmenos.
   193 | D        | Found a white marble altar of Elyvilon.
   193 | D        | Noticed a yak
   200 | D        | Killed a yak
   201 | D        | Reached skill level 9 in Fighting
   201 | D        | Reached skill level 1 in Stealth
   239 | D        | Found an opulent altar of Gozag.
   240 | D        | Found a sparkling altar of Nemelex Xobeh.
   259 | D        | Found a burning altar of Makhleb.
   259 | D        | Found a viscous altar of Jiyva.
   259 | D        | Found a shimmering altar of Xom.
   259 | D        | Found a corrupted altar of Lugonu.
   259 | D        | Noticed a slime creature
   266 | D        | Killed a slime creature
   267 | D        | Reached skill level 10 in Fighting
   267 | D        | Your scales start taking on a rich purple colour.
   267 | D        | Reached XP level 7. HP: 73/73 MP: 7/7
   321 | D        | Noticed Sonja
   330 | D        | Killed Sonja
   330 | D        | Reached *** piety under Trog
   331 | D        | Reached skill level 12 in Fighting
   331 | D        | Reached XP level 8. HP: 71/83 MP: 8/8
   401 | D        | Found Qewi's Armour Boutique.
   443 | D        | Noticed a deep troll
   453 | D        | HP: 6/124 [deep troll (13)]
   453 | D        | Slain by a deep troll

Illustrated notes

Levels and vault maps discovered:
D:        dungeon_sprint_1 [red_sonja_temple_1, red_sonja_temple_small_1]

Skill      XL: |  1  2  3  4  5  6  7 |
---------------+----------------------+-----
Fighting       | 4 6 8 10 12 | 12.0
Long Blades    | 4 6 7 8 9 11 | 11.5
Dodging        | 4 5 6 7 8 |  8.7
Stealth        | 1 2 |  2.5

Action                     |  1- 3 |  4- 6 |  7- 9 || total
---------------------------+-------+-------+-------++-------
  Melee: Falchion          |     9 |    18 |    13 ||    40
         Tailslap          |     2 |     5 |     2 ||     9
         Punch             |       |     3 |       ||     3
 Invoke: Berserk           |     2 |     3 |     2 ||     7
Ability: Breathe Dispellin |       |       |     2 ||     2
  Dodge: Dodged            |     2 |     6 |     8 ||    16

Table legend: (Time is in decaauts)
 A = Elapsed time spent in this place.
 B = Non-inter-level travel time spent in this place.
 C = Inter-level travel time spent in this place.
 D = Time resting spent in this place.
 E = Time spent auto-exploring this place.
 F = Levels seen in this place.
 G = Mean time per level.
                   A        B        C        D        E       F      G
               +--------+--------+--------+--------+--------+-----+--------+
         Total |    504 |    504 |      0 |    298 |      0 |   1 |  504.0 |
       Dungeon |    504 |    504 |      0 |    298 |      0 |   1 |  504.0 |
               +--------+--------+--------+--------+--------+-----+--------+

Top non-repeatable levels by time:
       D: 504 daAuts
